 Dungeon Crawl Stone Soup version 0.28-a0-8-g6e044cfa68 (webtiles) character file.

Game seed: 2478621421288912456

68 Sin92 the Skirmisher (level 4, -3/35 HPs)
             Began as a Demonspawn Fighter on July 24, 2021.
             Slain by Sigmund (7 damage)
             ... on level 3 of the Dungeon.
             The game lasted 00:02:30 (2065 turns).

Sin92 the Skirmisher (Demonspawn Fighter)           Turns: 2065, Time: 00:02:30

Health: -3/35      AC: 10    Str: 15 (16) XL:     4   Next: 1%
Magic:  4/4        EV:  6    Int:  7 (10) God:
Gold:   119        SH:  0    Dex: 10 (13) Spells: 3/3 levels left

rFire   . . .      SeeInvis .   a - +0 long sword
rCold   . . .      Faith    .   c - +0 kite shield
rNeg    . . .      Spirit   .   g - +0 chain mail
rPois   .          Reflect  .   i - +0 helmet
rElec   .          Harm     .   (no cloak)
rCorr   .          Rampage  .   (no gloves)
Will    .....                   (no boots)
Stlth   ..........              (no amulet)
HPRegen 0.11/turn               (no ring)
MPRegen 0.09/turn               (no ring)

@: confused, mighty, hasted, very quick
A: repulsion field 1
a: no special abilities


You were on level 3 of the Dungeon.
You visited 1 branch of the dungeon, and saw 3 of its levels.

You collected 119 gold pieces.

Inventory:

Hand Weapons
 a - a +0 long sword (weapon)
Armour
 b - a +0 scale mail
 c - a +0 kite shield (worn)
 g - a +0 chain mail (worn)
 i - a +0 helmet (worn)
Jewellery
 f - a +4 ring of slaying
 j - a ring of magical power
Wands
 k - a wand of iceblast (12)
Scrolls
 e - a scroll of fear
 l - a scroll of immolation {unknown}
 m - a scroll of identify


   Skills:
 + Level 3.3 Fighting
 * Level 2.7 Long Blades
 + Level 3.0 Armour
 + Level 1.1 Dodging
 + Level 3.0 Shields


You had 3 spell levels left.
You didn't know any spells.
Your spell library contained the following spells:

 Spells                   Type           Power      Damage    Failure   Level
 Static Discharge         Conj/Air       0%         N/A       100%        2
 Gell's Gravitas          Tloc           0%         N/A       100%        3
 Teleport Other           Tloc           0%         N/A       100%        3
 Lightning Bolt           Conj/Air       0%         1d11      100%        5
 Dispersal                Tloc           0%         N/A       100%        6
 Maxwell's Capacitive Co  Air            0%         ∞         100%        8


Dungeon Overview and Level Annotations

Branches:
Dungeon (3/15)

Altars:

Annotations:
D:3 Sigmund


Innate Abilities, Weirdness & Mutations

You are surrounded by a mild repulsion field. (EV +2)


Message History

Found a glowing lapis lazuli amulet.
There is a strange disturbance nearby!
Unknown command.
No target in view!
There is a strange disturbance nearby!
Unknown command.
No target in view!
It was a potion of degeneration.
There was something very wrong with that liquid.
You feel weakened.
You feel dopey.
You feel clumsy.
It was a potion of haste.
You feel yourself speed up.
You feel very mighty all of a sudden.
You hear some strange, mumbled words.
You are confused.
Something hits you.
You're too confused to move!
Something hits you but does no damage.
You hear some strange, mumbled words.
A magic dart appears from out of thin air!
The magic dart hits you. Something hits you.
You feel less confused.
You hear some strange, mumbled words.
A puff of flame appears from out of thin air!
The puff of flame hits you.
You hit something. Something hits you.
You miss something. Something completely misses you.
You completely miss something.
You hear some strange, mumbled words.
A magic dart appears from out of thin air!
The magic dart hits you but does no damage.
You miss something. You block something's attack.
You closely miss something. Something hits you.
You miss something. You block something's attack.
You barely miss something.
You hear some strange, mumbled words.
You are confused.
Something hits you!
* * * LOW HITPOINT WARNING * * *
Something hits you!
You die...

### #.# #.# #.# #.#
#.############
###............#
#.......@?.."..#
##..............#
##.......{.......#
####.†............###
#.................#
##.#.......#...#####
###........###..##
.....###...# ...#
..............###


There were no monsters in sight!

Vanquished Creatures
  A dart slug (D:1)
  4 bats (D:2)
  6 endoplasms
  4 giant cockroaches
  3 hobgoblins (D:1)
  6 jackals
  7 kobolds
  4 quokkas
  10 ball pythons
  2 frilled lizards (D:2)
  4 goblins
  6 rats
57 creatures vanquished.

Notes
Turn   | Place    | Note
-------+----------+-------------------------------------------
     0 | D:1      | Sin92 the Demonspawn Fighter began the quest for the Orb.
     0 | D:1      | Reached XP level 1. HP: 18/18 MP: 1/1
   275 | D:1      | Gained mutation: You are surrounded by a mild repulsion
                  | field. (EV +2) [demonic ancestry]
   275 | D:1      | Reached XP level 2. HP: 23/24 MP: 2/2
  1020 | D:1      | Reached XP level 3. HP: 26/29 MP: 3/3
  1491 | D:2      | Reached skill level 1 in Dodging
  1997 | D:3      | Reached XP level 4. HP: 35/35 MP: 4/4
  2041 | D:3      | Noticed Sigmund
  2065 | D:3      | Slain by Sigmund

Illustrated notes

Levels and vault maps discovered:
D:1:      elethiomel_arrival_infinity_welcomes_careful_drivers,
          layout_loops_cross, minmay_distorted
D:2:      layout_loops_ring, dk_noncrumbling_2, corexii_leaking_fountain
D:3:      layout_rooms, kennysheep_slug_shrine,
          mainiacjoe_overflow_tiny_flanked,
          shapermc_ecumenical_altar_mp_highgroup, ebering_ghost_disaster_area,
          nrook_mini_backslash, uniq_sigmund, uniq_grinder,
          uniq_crazy_yiuf_cottage

Skill      XL: |  1  2  3 |
---------------+----------+-----
Long Blades    | 2 |  2.7
Shields        | 3 |  3.0
Dodging        | 1 |  1.1
Armour         | 3 |  3.0
Fighting       | |  3.3

Action                   |  1- 3 |  4- 6 || total
-------------------------+-------+-------++-------
Melee: Long sword        |   152 |    11 ||   163
  Use: Scroll            |     2 |       ||     2
       Potion            |       |     3 ||     3
Armor: Scale mail        |    41 |       ||    41
       Chain mail        |    42 |     3 ||    45
Dodge: Dodged            |    64 |     1 ||    65
Block: Kite shield       |    96 |     3 ||    99
       Rpst.: Long sword |    17 |       ||    17

Table legend: (Time is in decaauts)
 A = Elapsed time spent in this place.
 B = Non-inter-level travel time spent in this place.
 C = Inter-level travel time spent in this place.
 D = Time resting spent in this place.
 E = Time spent auto-exploring this place.
 F = Levels seen in this place.
 G = Mean time per level.
                   A        B        C        D        E       F      G
               +--------+--------+--------+--------+--------+-----+--------+
         Total |   2140 |   2085 |     55 |    165 |   1480 |   3 |  713.3 |
       Dungeon |   2140 |   2085 |     55 |    165 |   1480 |   3 |  713.3 |
               +--------+--------+--------+--------+--------+-----+--------+

Top non-repeatable levels by time:
     D:1: 1190 daAuts
     D:2: 826 daAuts
     D:3: 123 daAuts
